 Dungeon Crawl Stone Soup version 0.28.0-53-g5a82cb258f (webtiles) character file.

Game seed: 306676957516063078

35 Descartes the Grasshopper (level 3, 0/16 HPs)
             Began as a Felid Warper on July 13, 2022.
             Succumbed to an adder's poison
             ... on level 1 of the Dungeon.
             The game lasted 00:01:43 (1762 turns).

Descartes the Grasshopper (Felid Warper)            Turns: 1762, Time: 00:01:44

Health: 0/16       AC:  1    Str:  9    XL:     3   Next: 16%
Magic:  7/7        EV: 17    Int: 14    God:
Gold:   62         SH:  0    Dex: 15    Spells: 6/6 levels left
                                        Lives:  0   Deaths: 0

rFire   . . .      SeeInvis +     - Unarmed
rCold   . . .      Faith    .   (shield unavailable)
rNeg    . . .      Spirit   .   (armour unavailable)
rPois   .          Reflect  .   (helmet unavailable)
rElec   .          Harm     .   (cloak unavailable)
rCorr   .          Rampage  .   (gloves unavailable)
Will    .....                   (boots unavailable)
Stlth   +++.......              (no amulet)
HPRegen 0.05/turn               (no ring)
MPRegen 0.10/turn               (no ring)

@: lethally poisoned (0 -> -4), quick
A: very small, claws 1, fangs 3, see invisible, speed 1, shaggy fur 1, stealthy
paws, no weapons or thrown items, no armour, multi-lived
a: no special abilities


You were on level 1 of the Dungeon.
You visited 1 branch of the dungeon, and saw 2 of its levels.

You collected 62 gold pieces.

Inventory:

Scrolls
 a - a scroll of blinking
 f - a scroll of teleportation {unknown}
Potions
 b - 2 potions of brilliance {unknown}
 c - a potion of flight {unknown}
 d - a potion of haste {unknown}
 e - a potion of curing {unknown}


   Skills:
 - Level 2.0 Fighting
 - Level 3.2 Dodging
 + Level 4.3 Stealth
 - Level 2.0 Unarmed Combat
 - Level 2.0 Spellcasting
 - Level 4.4 Translocations


You had 6 spell levels left.
You didn't know any spells.
Your spell library contained the following spells:

 Spells                   Type           Power      Damage    Failure   Level
 Blink                    Tloc           26%        N/A       6%          2
 Gell's Gravitas          Tloc           13%        N/A       12%         3
 Lesser Beckoning         Tloc           13%        N/A       12%         3
 Teleport Other           Tloc           13%        N/A       12%         3
 Manifold Assault         Tloc           13%        N/A       73%         5


Dungeon Overview and Level Annotations

Branches:
Dungeon (2/15)

Altars:

Shops:
D:1 !


Innate Abilities, Weirdness & Mutations

You have sharp claws.
You have razor-sharp teeth.
You have supernaturally acute eyesight. (SInv)
You cover ground quickly. (Speed+)
You are covered in fur. (AC +1)
Your paws help you pounce on unaware monsters.
You are incapable of wielding weapons or throwing items.
You cannot wear armour.
You gain extra lives every three experience levels.


Message History

The orc barely misses you.
You see here a +0 hand axe.
There is a stone staircase leading up here.
You climb upwards.
There is a stone staircase leading down here.
You can't go up here!
HP restored.
Done exploring.
You see here a +2 vampiric whip.
There is a stone staircase leading down here.
You climb downwards.
The kobold shouts!
The kobold hits you with a +0 short sword.
There is a stone staircase leading up, spattered with blood here.
You scratch the kobold.
The kobold is moderately wounded.
You scratch the kobold.
You kill the kobold!
Items here: $ ( )) ? †.
The adder misses you.
You miss the adder. The adder completely misses you.
You scratch the adder.
The adder is moderately wounded.
The adder bites you.
You closely miss the adder.
The adder is moderately wounded.
The adder bites you.
You are lethally poisoned!
The adder poisons you! The adder closely misses you.
You are too injured to fight recklessly!
* * * LOW HITPOINT WARNING * * *
You feel sick.
Items here: $ ( )) ? †.
* * * LOW HITPOINT WARNING * * *
You feel sick.
There is a stone staircase leading up, spattered with blood here.
* * * LOW HITPOINT WARNING * * *
You feel sick. The adder barely misses you.
You climb upwards.
You die...

#...#.#...#..#....##.....#
#...#....###.##...#####8.##
###..#..###.###.#######...#
######### ##########...∩..#
#.....# #.............#
[.....# #..........>..#
#.....# #.............#
#.....# #...S......8..#
#.....# #...@...).....#
#.....#######.......).....#
..........................#
#.....#######.............#
#.....# #..........#..#
##.#.##
#############.#######
#..#..## ##...#...#
#.###..## ##......... #.#
##..## ####..........


You could see an adder.

Vanquished Creatures
  A gnoll (D:2)
  2 endoplasms (D:1)
  2 goblins (D:1)
  5 hobgoblins (D:1)
  4 kobolds
  A ball python (D:2)
  5 bats
  2 frilled lizards (D:2)
  A rat (D:1)
23 creatures vanquished.

Notes
Turn   | Place    | Note
-------+----------+-------------------------------------------
     0 | D:1      | Descartes the Felid Warper began the quest for the Orb.
     0 | D:1      | Reached XP level 1. HP: 9/9 MP: 4/4
     9 | D:1      | Reached skill level 1 in Stealth
   257 | D:1      | Reached XP level 2. HP: 13/13 MP: 6/6
   595 | D:1      | Found Sodupn's Distillery.
   920 | D:2      | Reached XP level 3. HP: 2/16 MP: 7/7
  1762 | D:1      | Succumbed to an adder's poison

Illustrated notes

Levels and vault maps discovered:
D:1:      shiori_arrival_maze, layout_rooms, serial_shops, shop_statue,
          minmay_misc_feat_rugged
D:2:      cheibrodos_pilgrimage, layout_loops_cross,
          hellmonk_ecumenical_altar_prayer_group, minmay_octomino_e4

Skill      XL: |  1  2 |
---------------+-------+-----
Stealth        | 2 4 |  4.3
Fighting       | |  2.0
Dodging        | |  3.2
Unarmed Combat | |  2.0
Spellcasting   | |  2.0
Translocations | |  4.4

Action                   || total
-------------------------++-------
Melee: Unarmed           ||    85
       Punch             ||     1
       Bite              ||     7
 Stab: Sleeping          ||     5
Armor: Skin              ||     7
Dodge: Dodged            ||    72
